 Dungeon Crawl Stone Soup version 0.25.1-2-g60ff931df9 (webtiles) character file.

Game seed: 1786867176156541099

252 Araneus the Ruffian (level 5, -6/40 HPs)
             Began as a Draconian Transmuter on Sept 25, 2020.
             Shot with an arrow by a centaur (13 damage)
             ... on level 5 of the Dungeon.
             The game lasted 00:14:47 (4425 turns).

Araneus the Ruffian (Draconian Transmuter)          Turns: 4425, Time: 00:14:47

Health: -6/40      AC:  5    Str: 13    XL:     5   Next: 89%
Magic:  0/8        EV: 12    Int: 14    God:
Gold:   188        SH:  0    Dex: 11    Spells: 1/8 levels left

rFire    . . .     SeeInvis .     - Unarmed
rCold    . . .     Gourm    .   (no shield)
rNeg     . . .     Faith    .   (armour unavailable)
rPois    .         Spirit   .   (helmet restricted)
rElec    .         Reflect  .   (no cloak)
rCorr    .         Harm     .   (no gloves)
MR       .....                  (no boots)
Stlth    +.........             h - amulet of the acrobat
HPRegen  0.13/turn              (no ring)
MPRegen  0.11/turn              (no ring)

@: no status effects
A: unfitting armour, cold-blooded, AC +5
a: no special abilities


You were on level 5 of the Dungeon.
You were not hungry.

You visited 1 branch of the dungeon, and saw 5 of its levels.

You collected 188 gold pieces.

Inventory:

Missiles
 a - 62 arrows
Jewellery
 h - an amulet of the acrobat (around neck)
 t - an uncursed ring of resist corrosion {unknown}
Scrolls
 b - 5 scrolls of identify {unknown}
 e - 2 scrolls of amnesia {unknown}
 g - 4 scrolls of enchant weapon {unknown}
 i - 2 scrolls of fear {unknown}
 j - a scroll of fog {unknown}
 k - a scroll of magic mapping {unknown}
 n - a scroll of random uselessness {unknown}
 r - a scroll of teleportation {unknown}
Potions
 d - 2 potions of degeneration {unknown}
 f - a potion of stabbing {unknown}
 l - a potion of ambrosia {unknown}
 m - 2 potions of heal wounds {unknown}
 o - a potion of brilliance {unknown}
 p - 4 potions of curing {unknown}
 q - a potion of haste {unknown}
 s - a potion of might {unknown}
Comestibles
 c - 6 rations


   Skills:
 - Level 1.1 Fighting
 + Level 2.5 Dodging
 + Level 4.6 Unarmed Combat
 - Level 2.0 Spellcasting
 * Level 4.4 Transmutations
 * Level 1.2 Ice Magic


You had one spell level left.
You knew the following spells:

 Your Spells              Type           Power        Failure   Level  Hunger
a - Beastly Appendage     Tmut           ##....       3%          1    ##.....
b - Sticks to Snakes      Tmut           ##......     6%          2    ###....
c - Ice Form              Ice/Tmut       #.......     58%         4    #####..

Your spell library contained the following spells:

 Spells                   Type           Power        Failure   Level  Hunger
 Magic Dart               Conj           #...         24%         1    ##.....
 Spider Form              Tmut/Pois      #.........   28%         3    ####...
 Blink                    Tloc           N/A          34%         2    ###....
 Call Imp                 Summ           #.......     34%         2    ###....
 Slow                     Hex            #.......     34%         2    ###....
 Conjure Flame            Conj/Fire      #.......     56%         3    ####...
 Mephitic Cloud           Conj/Pois/Air  #.......     56%         3    ####...
 Blade Hands              Tmut           ##........   71%         5    ######.


Dungeon Overview and Level Annotations

Branches:
Dungeon (5/15)
 Temple: D:4-7

Altars:
Fedhas
Hepliaklqana
Kikubaaqudgha
Ru
Sif Muna
Wu Jian
Yredelemnul
The Shining One


Innate Abilities, Weirdness & Mutations

Your plain brown scales are hard. (AC +5)
You cannot fit into any form of body armour.
You are cold-blooded and may be slowed by cold attacks.


Message History

The arrow hits you!
The centaur shoots an arrow.
The arrow hits you!
* * * LOW HITPOINT WARNING * * *
Casting: Sticks to Snakes (safe; 6% risk of failure)
Confirm with . or Enter, or press ? or * to list all spells.
You create a snake!
You now have 64 arrows.
Casting: Sticks to Snakes (safe; 6% risk of failure)
Confirm with . or Enter, or press ? or * to list all spells.
You create a snake!
You now have 63 arrows.
The centaur shoots an arrow.
The arrow barely misses you.
The centaur shoots an arrow.
The arrow hits you.
* * * LOW HITPOINT WARNING * * *
The centaur shoots an arrow.
The arrow completely misses you.
The centaur shoots an arrow.
The arrow completely misses you.
Your ball python bites the centaur.
You see here an arrow.
Casting: Sticks to Snakes (safe; 6% risk of failure)
Confirm with . or Enter, or press ? or * to list all spells.
You create a snake!
You now have 62 arrows.
The centaur shoots an arrow.
The arrow barely misses your ball python.
The arrow hits you!
You die...

#..≈≈........#
##.≈..≈.......##
#≈≈≈$.≈..≈≈...≈##
≈≈≈..≈..≈..≈..≈≈#
≈≈...≈.⌠≈..≈..≈≈#
≈≈..≈..≈⌠.≈...≈≈#
≈≈..≈.(((.≈..≈≈≈#
#≈...≈≈S.≈..≈≈≈##
#....(@(≈..≈.##
#........≈≈..#
#......S.....#
#..........S...#
######.......S.#
#.......c..
...."..(...
.........###


You could see a centaur and 4 friendly ball pythons.

Vanquished Creatures
  A howler monkey (D:4)
  2 bullfrog skeletons
  A worker ant (D:5)
  A hound zombie (D:5)
  An adder (D:2)
  A shadow imp (D:5)
  An ooze (D:3)
  An adder zombie (D:5)
  2 worms (D:2)
  3 dart slugs
  4 leopard geckos
  4 orcs
  2 ball pythons
  A bat zombie (D:4)
  4 giant cockroaches
  6 goblins
  8 hobgoblins
  A jackal (D:2)
  A quokka (D:2)
  5 bats
  2 frilled lizards (D:1)
  6 kobolds
  2 leopard gecko skeletons (D:4)
  5 rats
65 creatures vanquished.

Vanquished Creatures (collateral kills)
  Terence (D:3)
  An orc (D:3)
  A goblin (D:2)
  A jackal (D:2)
  2 frilled lizards (D:2)
  A spectral orc (D:3)
7 creatures vanquished.

Grand Total: 72 creatures vanquished

Notes
Turn   | Place    | Note
-------+----------+-------------------------------------------
     0 | D:1      | Araneus the Draconian Transmuter began the quest for the
                  | Orb.
     0 | D:1      | Reached XP level 1. HP: 16/16 MP: 3/3
   212 | D:1      | Reached XP level 2. HP: 20/23 MP: 3/5
   640 | D:1      | Learned a level 2 spell: Sticks to Snakes
   861 | D:2      | Reached XP level 3. HP: 19/28 MP: 4/6
  2162 | D:3      | Reached XP level 4. HP: 35/35 MP: 7/7
  2262 | D:3      | Learned a level 4 spell: Ice Form
  2460 | D:3      | Found a sacrificial altar of Ru.
  2515 | D:3      | Found a blossoming altar of Fedhas.
  2655 | D:3      | Found a basalt altar of Yredelemnul.
  2814 | D:3      | Noticed Terence
  2827 | D:3      | Killed Terence
  2988 | D:4      | Found a glowing golden altar of the Shining One.
  3039 | D:4      | Found a hazy altar of Hepliaklqana.
  3039 | D:4      | Found a shimmering blue altar of Sif Muna.
  3107 | D:4      | Found an ornate altar of the Wu Jian Council.
  3251 | D:4      | Reached XP level 5. HP: 16/40 MP: 5/8
  3643 | D:4      | Found an ancient bone altar of Kikubaaqudgha.
  3726 | D:5      | Entered Level 5 of the Dungeon
  3766 | D:4      | HP: 2/40 [poisoned by a worker ant]
  3774 | D:4      | HP: 1/40 [poisoned by a worker ant]
  4123 | D:5      | Reached skill level 1 in Ice Magic
  4417 | D:5      | Noticed a centaur
  4425 | D:5      | Shot with an arrow by a centaur

Illustrated notes

Levels and vault maps discovered:
D:1:      sevenhm_arrival_forest_fort_small_6, layout_rooms, serial_glass,
          glass_columns_c, glass_columns_a, amethyst_killhole, nrook_uturn,
          minmay_tetromino_i2
D:2:      layout_basic
D:3:      layout_basic, yredelemnul_forgotten_temple_becter,
          overflow_temple_1_default, marbit_many_paths, first_ration,
          uniq_terence
D:4:      layout_basic, lemuel_zombie_altar_kikubaaqudgha, kennysheep_mini,
          grunt_temple_overflow_open, nicolae_tso_carved_into_rock
D:5:      cheibrodos_helix_gallery, layout_rooms, old_standard_altar,
          serial_shops, nicolae_shop_trees, xom_redecorated, uniq_sigmund

Skill      XL: |  1  2  3  4  5 |
---------------+----------------+-----
Dodging        | 2 |  2.5
Transmutations | 3 4 |  4.4
Unarmed Combat | 4 |  4.6
Ice Magic      | 1 |  1.2
Fighting       | |  1.1
Spellcasting   | |  2.0

Action                   |  1- 3 |  4- 6 || total
-------------------------+-------+-------++-------
Melee: Unarmed           |   145 |   108 ||   253
       Tailslap          |    15 |    12 ||    27
       Kick              |     7 |    10 ||    17
       Headbutt          |    12 |     8 ||    20
       Punch             |     1 |     1 ||     2
 Cast: Beastly Appendage |    26 |    16 ||    42
       Sticks to Snakes  |     5 |    11 ||    16
  Eat: Chunk             |     5 |     3 ||     8
       Ration            |       |     2 ||     2
Armor: Skin              |    28 |    22 ||    50
Dodge: Dodged            |    88 |    76 ||   164
